 Dungeon Crawl Stone Soup version 0.22-a0-303-g4a852b3 (webtiles) character file.

121 Alphaeus the Sneak (level 5, 0/28 HPs)
             Began as a Vine Stalker Monk on Mar 28, 2018.
             Slain by a goblin
             ... wielding a +0 club
             ... led by Robin
              (5 damage)
             ... on level 2 of the Dungeon.
             The game lasted 00:01:35 (2068 turns).

Alphaeus the Sneak (Vine Stalker Monk)              Turns: 2068, Time: 00:01:35

Health: 0/28       AC:  2    Str: 13    XL:     5   Next: 5%
Magic:  0/6        EV: 13    Int: 11    God:
Gold:   91         SH:  0    Dex: 17    Spells: 4/4 levels left

rFire    . . .     SeeInvis .     - Unarmed
rCold    . . .     Gourm    .   (no shield)
rNeg     . . .     Faith    .   a - +0 robe
rPois    .         Spirit   +   (no helmet)
rElec    .         Reflect  .   (no cloak)
rCorr    .         Harm     .   (no gloves)
MR       .....                  (no boots)
Stlth    +++.......             (no amulet)
HPRegen  0.49/turn              (no ring)
MPRegen  0.10/turn              (no ring)

@: no status effects
A: fangs 2, regeneration 1, magic shield, antimagic bite, no potion heal 3, rot
immunity
a: no special abilities


You were on level 2 of the Dungeon.
You were hungry.

You visited 1 branch of the dungeon, and saw 2 of its levels.

You collected 91 gold pieces.

Inventory:

Armour
 a - a +0 robe (worn)
Scrolls
 c - 3 scrolls of remove curse {unknown}
 e - 4 scrolls of identify {unknown}
 f - a scroll of immolation {unknown}
 i - a scroll of amnesia {unknown}
 k - a scroll of teleportation {unknown}
Potions
 d - a potion of might {unknown}
 g - 2 potions of brilliance {unknown}
 h - a potion of agility {unknown}
 j - a potion of heal wounds {unknown}
Comestibles
 b - 4 rations


   Skills:
 + Level 3.0 Fighting
 + Level 1.0 Armour
 * Level 3.1 Dodging
 * Level 3.8 Stealth
 * Level 3.7 Unarmed Combat


You had 4 spell levels left.
You didn't know any spells.

Dungeon Overview and Level Annotations

Branches:
Dungeon (2/15)

Altars:

Annotations:
D:2 Robin


Innate Abilities, Weirdness & Mutations

You have extremely sharp teeth.
Your natural rate of healing is unusually fast.
When hurt, damage is shared between your health and your magic reserves.
Your bite disrupts and absorbs the magic of your enemies.
Potions cannot restore your health.
You are immune to rotting.


Message History

Robin roars a battlecry!
The goblins go into a battle-frenzy!
The goblin barely misses you.
You hit the goblin. Your bite misses the goblin.
The goblin is moderately wounded.
The goblin hits you but does no damage. The goblin closely misses you.
You punch the goblin!
You kill the goblin!
The goblin hits you with a club. The goblin closely misses you.
Robin roars a battlecry!
You barely miss the goblin. Your bite misses the goblin.
The goblin hits you but does no damage. The goblin closely misses you.
The goblin hits you with a dagger.
You closely miss the goblin. The goblin closely misses you. x2
The goblin hits you with a club.
* * * LOW HITPOINT WARNING * * *
You barely miss the goblin. Your bite misses the goblin.
The goblin closely misses you. The goblin misses you.
The goblin hits you with a club.
You die...

#.# #.# #.# ###.# ...#
### # #..# ########.##
###.# #.g# #.......#.#
......###g)###.######.##
#..@gg.....# #.# ###
#.g#g....### #.# ..#
.(...##...## ##.## ..#
#.#.### ##### #.... ..#
!. #..## ..# ## #....
.)# ### #.... ### #####
#.## ####. # ##.#.##
#..## ####.


You could see Robin and 5 goblins.

Vanquished Creatures
  Natasha (D:2)
  3 adders (D:2)
  3 worms (D:2)
  5 dart slugs
  3 leopard geckos (D:1)
  2 bats
  A giant cockroach (D:1)
  11 goblins
  5 hobgoblins
  3 jackals (D:1)
  A frilled lizard (D:2)
  5 kobolds
  2 rats (D:1)
45 creatures vanquished.

Notes
Turn   | Place    | Note
-------+----------+-------------------------------------------
     0 | D:1      | Alphaeus the Vine Stalker Monk began the quest for the Orb.
     0 | D:1      | Reached XP level 1. HP: 11/11 MP: 2/2
   305 | D:1      | Reached XP level 2. HP: 13/16 MP: 1/3
   817 | D:1      | Reached XP level 3. HP: 19/19 MP: 4/4
  1609 | D:2      | Noticed Natasha
  1617 | D:2      | Killed Natasha
  1617 | D:2      | Gained mutation: Your natural rate of healing is unusually fast. [Vine Stalker growth]
  1617 | D:2      | Reached XP level 4. HP: 9/23 MP: 2/5
  1726 | D:2      | Reached skill level 1 in Armour
  2047 | D:2      | Noticed Robin
  2048 | D:2      | Reached XP level 5. HP: 28/28 MP: 6/6
  2068 | D:2      | Slain by a goblin

Vault maps used:
D:1:      minmay_arrival_glassed_features
D:2:      lemuel_upstairs_altar, fedhas_altar_fruit_tree, uniq_robin,
          uniq_natasha, uniq_terence

Skill      XL: |  1  2  3  4 |
---------------+-------------+-----
Stealth        | 3 |  3.8
Dodging        | 3 |  3.1
Fighting       | 3 |  3.0
Armour         | 1 |  1.0
Unarmed Combat | |  3.7

Action                   |  1- 3 |  4- 6 || total
-------------------------+-------+-------++-------
Melee: Unarmed           |    95 |    65 ||   160
       Bite              |    27 |    20 ||    47
       Punch             |     1 |       ||     1
 Stab: Sleeping          |     7 |     3 ||    10
  Eat: Chunk             |     2 |     1 ||     3
Armor: Robe              |     5 |     4 ||     9
Dodge: Dodged            |    46 |    44 ||    90

Table legend:
 A = Spawn XP
 B = Non-spawn XP
 C = Spawn XP percentage of total XP
 D = Spawn monster count
 E = Non-spawn monster count
 F = Spawn count percentage of total count
 G = Total turns spent on level
                    A         B        C        D         E        F      G
               +---------+---------+-------+---------+---------+-------+---------
         Total |       0 |     173 |   0.0 |       0 |      45 |   0.0 |  2068
               +---------+---------+-------+---------+---------+-------+---------
           D:1 |       0 |      52 |   0.0 |       0 |      23 |   0.0 |  1304
           D:2 |       0 |     121 |   0.0 |       0 |      22 |   0.0 |   764
               +---------+---------+-------+---------+---------+-------+---------
